 Dungeon Crawl Stone Soup version 0.18-a0-116-g2d311b1 (webtiles) character file.

7132 ReteAZ the Grappler (level 10, 0/94 HPs)
             Began as a Troll Warper on Nov 17, 2015.
             Was a High Priest of Cheibriados.
             Slain by an orc warrior
             ... wielding a +0 short sword
              (7 damage)
             ... on level 9 of the Dungeon.
             The game lasted 00:16:15 (7425 turns).

ReteAZ the Grappler (Troll Warper)                  Turns: 7425, Time: 00:16:15

Health: 0/94       AC:  7    Str: 35    XL:     10   Next: 85%
Magic:  13/13      EV: 14    Int: 23    God:    Cheibriados [*****.]
Gold:   489        SH:  0    Dex: 26    Spells: 2 memorised, 8 levels left

rFire  . . .     SeeInvis .       - Unarmed
rCold  . . .     Clarity  .     a - +0 robe
rNeg   . . .     SustAt   .     (no shield)
rPois  .         Gourm    +     (helmet restricted)
rElec  .         Spirit   .     H - +1 cloak {+Inv}
rCorr  .         Warding  .     (gloves unavailable)
rMut   .         Stasis   .     (boots unavailable)
MR     .....                    (no amulet)
Stlth  ++........               (no ring)
                                (no ring)

@: very slightly contaminated, invisible, very slow, not resistant to hostile
enchantments, unstealthy
A: unfitting armour, claws 3, fast metabolism 3, gourmand, regeneration 2,
shaggy fur 1, tough skin 2
a: Bend Time, Temporal Distortion, Slouch, Step From Time, Renounce Religion


You were on level 9 of the Dungeon.
You worshipped Cheibriados.
Cheibriados was extremely pleased with you.
You were completely stuffed.

You visited 1 branch of the dungeon, and saw 10 of its levels.

You collected 489 gold pieces.

Inventory:

Missiles
 d - 5 tomahawks of dispersal
 F - 2 silver tomahawks (quivered)
 K - 24 tomahawks
Armour
 a - a +0 robe (worn)
 s - a +2 cloak
 H - a +1 cloak of invisibility (worn)
Jewellery
 v - an uncursed ring of ice {unknown}
 B - an uncursed ring of sustain attributes {unknown}
 G - an uncursed ring of invisibility {unknown}
 L - an uncursed ring of protection from magic {unknown}
 O - an uncursed ring of poison resistance {unknown}
Wands
 C - a wand of slowing (19)
Scrolls
 c - 6 scrolls of blinking
 i - 6 scrolls of remove curse {unknown}
 k - 4 scrolls of fog {unknown}
 l - 3 scrolls of fear {unknown}
 m - 3 scrolls of recharging {unknown}
 q - 6 scrolls of identify {unknown}
 r - 2 scrolls of magic mapping {unknown}
 x - 4 scrolls of amnesia {unknown}
 y - 2 scrolls of teleportation {unknown}
 D - 2 scrolls of enchant weapon {unknown}
 M - 2 scrolls of noise {unknown}
Potions
 e - a potion of ambrosia
 f - 2 potions of invisibility
 g - 9 potions of curing
 n - a potion of brilliance {unknown}
 p - a potion of flight {unknown}
 t - a potion of magic {unknown}
 u - a potion of agility {unknown}
 A - a potion of lignification {unknown}
 I - a potion of poison {unknown}
Books
 b - a book of Spatial Translocations

   Spells                             Type                      Level
   a - Apportation                    Translocation                1
   b - Blink                          Translocation                2
   c - Shroud of Golubria             Charms/Translocation         2
   d - Portal Projectile              Translocation                3
   e - Teleport Other                 Translocation                3
   f - Passage of Golubria            Translocation                4
 o - an Akashic Record

   Spells                             Type                      Level
   a - Dispersal                      Translocation                6
   b - Malign Gateway                 Summoning/Translocation      7
   c - Disjunction                    Translocation                8
   d - Controlled Blink               Translocation                8
 J - a book of Debilitation

   Spells                             Type                      Level
   a - Corona                         Hexes                        1
   b - Slow                           Hexes                        2
   c - Gell's Gravitas                Hexes/Translocation          3
   d - Inner Flame                    Hexes/Fire                   3
   e - Cause Fear                     Hexes                        4
   f - Leda's Liquefaction            Hexes/Earth                  4
 N - a book of Hinderance

   Spells                             Type                      Level
   a - Confusing Touch                Hexes                        2
   b - Confuse                        Hexes                        3
   c - Gell's Gravitas                Hexes/Translocation          3
   d - Petrify                        Transmutation/Earth          4
   e - Metabolic Englaciation         Hexes/Ice                    5
 Q - a book of Envenomations

   Spells                             Type                      Level
   a - Spider Form                    Transmutation/Poison         3
   b - Alistair's Intoxication        Transmutation/Poison         4
   c - Olgreb's Toxic Radiance        Poison                       4
   d - Poisonous Cloud                Conjuration/Poison/Air       6
Comestibles
 h - 6 meat rations {@e2}
 j - a royal jelly
 w - 5 bread rations {@e1}
 z - 2 fruits
 E - 2 beef jerkies
 P - 3 chunks of flesh {@w0}


   Skills:
 + Level 4.7 Fighting
 - Level 0.8 Throwing
 * Level 4.4 Dodging
 - Level 12.0 Unarmed Combat
 - Level 1.2 Spellcasting
 - Level 5.1 Translocations
 - Level 6.0 Invocations


You had 8 spell levels left.
You knew the following spells:

 Your Spells              Type           Power        Failure   Level  Hunger
a - Apportation           Tloc           ###.......   1%          1    ##.....
b - Blink                 Tloc           N/A          2%          2    ###....


Dungeon Overview and Level Annotations

Branches:
Dungeon (10/15)            Temple (0/1) D:5             Orc (0/4) D:9
   Lair: D:8-11

Altars:
Ashenzari
Cheibriados
Dithmenos
Elyvilon
Kikubaaqudgha
Okawaru
Ru
Sif Muna
Xom

Shops:
D:7 !   D:9 :


Innate Abilities, Weirdness & Mutations

You are too large for most types of armour.
You have claws for hands.
Your metabolism is lightning-fast.
You like to eat raw meat.
You heal very quickly.
You are covered in fur (AC +1).
You have very tough skin (AC +2).


Message History

The orc warrior hits you with a short sword!
The hound zombie bites you but does no damage.
The orc wizard points at you and mumbles some strange words.
The puff of flame hits you! The hound zombie bites you.
You climb upwards.
The orc wizard shouts!
There is a stone staircase leading down here.
You mangle the orc wizard!!
You kill the orc wizard!
Cheibriados thoroughly appreciates the change of pace.
Cheibriados raises the support of your attributes as your movement slows.
The orc warrior hits you with a short sword!!
* * * LOW HITPOINT WARNING * * *
Drink which item? (? for menu, Esc to quit)
You fade into invisibility!
The orc warrior hits you with a short sword!
* * * LOW HITPOINT WARNING * * *
You are very lightly contaminated with residual magic.
The orc warrior hits you with a short sword!
You die...

..8......#
#......##≈#.#≈#.......
.....#####
#......##≈≈≈≈≈#.......
#.......#
#......########.......
........# #.(....##..#
#....... ........#
#..........# #)#####.
........####..........# #†#
#.
......................####.#
#.
.........................[.#
#.
................@....≈≈≈...#
#.
.................o...≈≈≈...#
#.
......÷...........>..≈≈≈...#
#.
................o.).≈≈...[.#
#.
........<÷..........≈≈.≈≈..#
#.
........................≈..#
#.
....................≈...≈≈.#
#.
...................≈≈.∩.≈≈.#
#.
...................≈≈...≈..#
#.


You could see an orc warrior and an orc wizard.

Vanquished Creatures
  Grinder (D:4)
  A polar bear (D:9)
  A wyvern (D:9)
  A hungry ghost (D:7)
  Eustachio (D:5)
  10 yaks
  A vampire mosquito (D:9)
  A wolf (D:9)
  2 water moccasins (D:6)
  An eye of draining (D:9)
  4 orc warriors
  2 ice beasts
  2 sky beasts
  A black bear (D:8)
  A necrophage (D:8)
  4 phantoms
  5 ogres
  A centaur (D:8)
  4 giant frogs
  A gnoll sergeant (D:7)
  2 wyvern skeletons
  A wyvern zombie (D:9)
  A scorpion (D:9)
  6 wights
  8 killer bees (D:9)
  2 crimson imps
  2 electric eels (D:9)
  A quasit (D:6)
  3 hounds
  A centaur skeleton (D:9)
  2 jellies
  8 orc priests
  9 orc wizards
  5 worker ants
  A centaur simulacrum (D:9)
  8 ogre zombies (D:9)
  2 hound skeletons (D:5)
  A killer bee simulacrum (D:9)
  8 adders
  A white imp (D:9)
  A hound simulacrum (D:9)
  A worker ant simulacrum (D:9)
  A shadow imp (D:6)
  2 oozes (D:2)
  An ufetubus (D:9)
  An adder zombie (D:5)
  A worm (D:2)
  2 giant geckos
  45 orcs
  8 bats
  5 hobgoblins
  11 jackals
  7 quokkas
  2 ball pythons
  A giant cockroach (D:5)
  A giant gecko zombie (D:6)
  3 giant newts
  2 goblins
  2 goblin skeletons (D:9)
  6 goblin zombies (D:9)
  A hobgoblin zombie (D:9)
  5 kobolds
  4 orc skeletons (D:9)
  12 orc zombies (D:9)
  11 rats
253 creatures vanquished.

Vanquished Creatures (others)
  A hound skeleton (D:8)
1 creature vanquished.

Grand Total: 254 creatures vanquished

Notes
Turn   | Place    | Note
--------------------------------------------------------------
     0 | D:1      | ReteAZ the Troll Warper began the quest for the Orb.
     0 | D:1      | Reached XP level 1. HP: 19/19 MP: 1/1
   369 | D:1      | Reached XP level 2. HP: 28/28 MP: 2/2
  1072 | D:2      | Reached skill level 3 in Unarmed Combat
  1090 | D:2      | Reached XP level 3. HP: 32/35 MP: 3/3
  1775 | D:3      | Reached XP level 4. HP: 42/42 MP: 4/4
  1885 | D:3      | Found a deep blue altar of Sif Muna.
  1885 | D:3      | Found a shimmering altar of Xom.
  2043 | D:3      | Found a shattered altar of Ashenzari.
  2044 | D:3      | Found an ancient bone altar of Kikubaaqudgha.
  2053 | D:3      | Found a snail-covered altar of Cheibriados.
  2097 | D:4      | Noticed Grinder
  2103 | D:4      | Paralysed by Grinder for 3 turns
  2110 | D:4      | Paralysed by Grinder for 2 turns
  2116 | D:4      | Paralysed by Grinder for 7 turns
  2138 | D:4      | Killed Grinder
  2138 | D:4      | Reached skill level 4 in Unarmed Combat
  2138 | D:4      | Reached XP level 5. HP: 26/50 MP: 5/5
  2138 | D:4      | Reached XP level 6. HP: 30/59 MP: 6/6
  2222 | D:4      | Reached skill level 5 in Unarmed Combat
  2341 | D:4      | Found a sacrificial altar of Ru.
  2518 | D:3      | Became a worshipper of Cheibriados the Contemplative
  2698 | D:4      | Found a shadowy altar of Dithmenos.
  2801 | D:4      | Found an iron altar of Okawaru.
  2893 | D:5      | Entered Level 5 of the Dungeon
  2948 | D:5      | Noticed Eustachio
  2966 | D:5      | Killed Eustachio
  3126 | D:5      | Reached skill level 6 in Unarmed Combat
  3126 | D:5      | Reached XP level 7. HP: 53/67 MP: 7/7
  3354 | D:5      | Reached * piety under Cheibriados
  3458 | D:5      | Found a staircase to the Ecumenical Temple.
  3480 | D:5      | Reached skill level 7 in Unarmed Combat
  3701 | D:6      | Found a white marble altar of Elyvilon.
  3732 | D:6      | Reached XP level 8. HP: 78/78 MP: 8/8
  3742 | D:6      | Reached skill level 8 in Unarmed Combat
  3774 | D:6      | Reached ** piety under Cheibriados
  3869 | D:6      | Found a shimmering altar of Xom.
  4055 | D:6      | Reached skill level 9 in Unarmed Combat
  4247 | D:6      | Reached skill level 10 in Unarmed Combat
  4612 | D:7      | Found Japutof's Distillery.
  4915 | D:7      | Reached *** piety under Cheibriados
  4931 | D:7      | Reached skill level 1 in Invocations
  4931 | D:7      | Reached XP level 9. HP: 84/84 MP: 9/9
  5198 | D:8      | Found an iron altar of Okawaru.
  5401 | D:8      | Reached **** piety under Cheibriados
  5571 | D:8      | Reached skill level 5 in Invocations
  5637 | D:8      | Learned a level 2 spell: Blink
  5715 | D:8      | Reached skill level 5 in Translocations
  6074 | D:9      | Reached XP level 10. HP: 92/92 MP: 13/13
  6257 | D:9      | Found a staircase to the Orcish Mines.
  6325 | D:9      | Reached ***** piety under Cheibriados
  6516 | D:9      | Reached skill level 11 in Unarmed Combat
  6573 | D:9      | Found Itirachagye's Book Boutique.
  6893 | D:9      | Reached skill level 12 in Unarmed Combat
  7405 | D:10     | Entered Level 10 of the Dungeon
  7423 | D:9      | HP: 4/94 [orc warrior/short sword (10)]
  7425 | D:9      | Slain by an orc warrior

Vault maps used:
D:1:      minmay_arrival_hallway, hangedman_decor_peaks_small
D:3:      nicolae_overflow_hidden_temple
D:4:      kennysheep_okawaru_gauntlet, kennysheep_mini, serial_park_tiny_1,
          kennysheep_cross_room, nicolae_ru_awakened_eye, uniq_grinder
D:5:      minmay_temple_entry_glassed_door, serial_bayou, serial_bayou_pond_e,
          serial_bayou_pond_c, serial_bayou_pond_b, serial_bayou_pond_d,
          serial_bayou_pond_c, first_bread, minmay_misc_feat_rows,
          uniq_eustachio
D:6:      basic_altar, elyvilon_altar_5
D:7:      serial_shops, shop
D:8:      basic_altar
D:9:      minmay_opposing_rooms, zombieorc2_lemuel, serial_ice, serial_ice_i,
          serial_ice_n, serial_ice_m, serial_ice_c, serial_shops,
          kennysheep_little_box
D:10:     erik_lair_dragon, serial_shops, shop, blue_anna_alchemist,
          uniq_psyche, uniq_harold

Action                   |  1- 3 |  4- 6 |  7- 9 | 10-12 || total
-------------------------+-------+-------+-------+-------++-------
Melee: Unarmed           |   129 |    96 |   296 |   175 ||   696
Throw: Tomahawk          |       |       |       |     2 ||     2
Invok: Slouch            |       |       |       |     2 ||     2
  Use: Potion            |       |       |     2 |     1 ||     3
       Scroll            |       |       |     1 |       ||     1
 Stab: Sleeping          |     1 |       |     2 |     3 ||     6
       Invisible         |       |       |     3 |       ||     3
  Eat: Chunk             |    18 |    10 |    26 |     8 ||    62
       Bread ration      |     1 |       |       |       ||     1
